 Dungeon Crawl Stone Soup version 0.19.1-28-ge1247f7 (webtiles) character file.

259 Alarkh the Chopper (level 5, -14/41 HPs)
             Began as a Demonspawn Monk on Jan 21, 2017.
             Demolished by an ogre
             ... wielding a +0 giant club
              (28 damage)
             ... on level 4 of the Dungeon.
             The game lasted 00:04:17 (3323 turns).

Alarkh the Chopper (Demonspawn Monk)                Turns: 3323, Time: 00:04:17

Health: -14/41     AC:  4    Str: 11    XL:     5   Next: 95%
Magic:  5/5        EV: 13    Int: 13    God:
Gold:   222        SH:  0    Dex: 15    Spells: 0 memorised, 4 levels left

rFire  . . .     SeeInvis .     a - +0 hand axe
rCold  . . .     Gourm    .     b - +0 robe
rNeg   . . .     Faith    +     (no shield)
rPois  .         Spirit   .     (helmet restricted)
rElec  .         Reflect  .     j - +0 cloak
rCorr  .         Harm     .     (no gloves)
MR     .....                    f - +0 pair of boots
Stlth  +++.......               i - amulet of faith
                                (no ring)
                                (no ring)

@: no status effects
A: horns 1, foul stench 1, nightstalker 1, rot immunity
a: no special abilities


You were on level 4 of the Dungeon.
You were not hungry.

You visited 1 branch of the dungeon, and saw 4 of its levels.

You collected 222 gold pieces.

Inventory:

Hand Weapons
 a - a +0 hand axe (weapon)
Armour
 b - a +0 robe (worn)
 f - a +0 pair of boots (worn)
 j - a +0 cloak (worn)
 s - a +0 robe
 x - a +1 plate armour of magic resistance
Jewellery
 i - an amulet of faith (around neck)
Scrolls
 e - a scroll of identify
 g - 2 scrolls of remove curse
 l - a scroll of immolation
 m - a scroll of magic mapping
 q - a scroll of blinking {unknown}
 r - a scroll of fog {unknown}
 u - a scroll of enchant weapon {unknown}
 v - a scroll of amnesia {unknown}
 w - a scroll of fear {unknown}
Potions
 d - a potion of magic
 o - a potion of brilliance
 p - a potion of curing
Comestibles
 c - 3 bread rations
 h - a beef jerky
 n - 5 chunks of flesh
 t - a meat ration


   Skills:
 - Level 3.0 Fighting
 + Level 6.1 Axes
 - Level 2.6 Dodging
 - Level 1.7 Stealth


You had 4 spell levels left.
You didn't know any spells.

Dungeon Overview and Level Annotations

Branches:
Dungeon (4/15)
 Temple: D:4-7

Altars:
Dithmenos
Kikubaaqudgha
Qazlal

Annotations:
D:3 Sigmund


Innate Abilities, Weirdness & Mutations

You have a pair of small horns on your head.
You may emit foul miasma when damaged in melee.
You are slightly more attuned to the shadows.
You are immune to rotting.


Message History

The hound is severely wounded.
You hit the howler monkey skeleton.
You destroy the howler monkey skeleton!
The hound bites you but does no damage. The hound closely misses you.
The ogre hits you with a giant club!!
Ouch! That really hurt!
Okay, then.
As you read the scroll labeled YTHITHR OMPUEH, it crumbles to dust.
The creatures around you are filled with an inner flame!
It was a scroll of immolation.
The hound barely misses you.
As you read the scroll labeled WYGAIW ESSE, it crumbles to dust.
You feel aware of your surroundings.
You sensed 2 altars.
It was a scroll of magic mapping.
The hound bites you. The ogre misses you. The hound barely misses you.
As you read the scroll labeled ENTUUZEWNU, it crumbles to dust.
You experience a momentary feeling of inescapable doom!
It was a scroll of random uselessness.
The hound bites you but does no damage. The ogre hits you with a giant club!!
Ouch! That really hurt!
You die...

....#*#.*#.)...##.# *,**+*
....#*.,#.......#.# *,,,,,
....##.,#.......#.# *,,,,,
.####*,....._.....# *,,,,, .#
*..#.......#.# *,,,,,
.#####..#.......#.# #.....
.....+,,**,....*#.# #...>.
######,,**##.####O# #.....
'...#**,,,.!...h@.# #..... ###.#
***,...###### #.....
.##.#####*######### ########.....
.##.....###.......###............
.##....#.#.#.....#.#.#...######'#
.##...#..#..#...#..#..#..# #.#
.##..#...#...#.#...#...#.# #.#
...........).............# #.#
...###.......###.........# #.#


You could see an ogre (inner flame) and a hound (inner flame).

Vanquished Creatures
  A hound (D:4)
  2 orc wizards (D:4)
  The ghost of dscm the Skirmisher, a weakling OpMo (D:3)
  Robin (D:3)
  5 adders
  A howler monkey skeleton (D:4)
  2 oozes
  3 leopard geckos
  5 orcs
  5 giant cockroaches
  7 hobgoblins
  4 jackals (D:1)
  8 kobolds
  4 bats (D:1)
  5 frilled lizards
  23 goblins
  A leopard gecko skeleton (D:4)
  5 rats
83 creatures vanquished.

Notes
Turn   | Place    | Note
-------+----------+-------------------------------------------
     0 | D:1      | Alarkh the Demonspawn Monk began the quest for the Orb.
     0 | D:1      | Reached XP level 1. HP: 18/18 MP: 1/1
    85 | D:1      | Reached skill level 3 in Axes
    92 | D:1      | Gained mutation: You are immune to rotting. [demonic ancestry]
    92 | D:1      | Reached XP level 2. HP: 16/24 MP: 2/2
   665 | D:1      | Gained mutation: You have a pair of small horns on your head. [demonic ancestry]
   665 | D:1      | Reached XP level 3. HP: 22/29 MP: 3/3
  1041 | D:2      | Reached skill level 4 in Axes
  2081 | D:3      | Noticed Robin
  2084 | D:3      | Gained mutation: You may emit foul miasma when damaged in melee. [demonic ancestry]
  2084 | D:3      | Reached XP level 4. HP: 35/35 MP: 4/4
  2089 | D:3      | Noticed dscm's ghost (weakling OpMo)
  2720 | D:3      | Killed Robin
  2720 | D:3      | Reached skill level 5 in Axes
  2745 | D:3      | Found a shadowy altar of Dithmenos.
  2792 | D:3      | Killed dscm's ghost
  2792 | D:3      | Gained mutation: You are slightly more attuned to the shadows. [demonic ancestry]
  2792 | D:3      | Reached XP level 5. HP: 36/41 MP: 5/5
  2950 | D:3      | Noticed Sigmund
  3154 | D:4      | Reached skill level 6 in Axes
  3271 | D:4      | Found a stormy altar of Qazlal.
  3281 | D:4      | Found an ancient bone altar of Kikubaaqudgha.
  3292 | D:4      | Noticed an ogre
  3323 | D:4      | Demolished by an ogre

Skill      XL: |  1  2  3  4  5 |
---------------+----------------+-----
Axes           | 3 4 5 6 |  6.1
Fighting       | |  3.0
Dodging        | |  2.6
Stealth        | |  1.7

Action                   |  1- 3 |  4- 6 || total
-------------------------+-------+-------++-------
Melee: Hand axe          |   148 |    92 ||   240
       Headbutt          |     8 |    13 ||    21
  Use: Scroll            |     2 |     5 ||     7
       Potion            |       |     4 ||     4
 Stab: Sleeping          |     4 |       ||     4
  Eat: Chunk             |     4 |     4 ||     8
Armor: Robe              |    33 |    25 ||    58
Dodge: Dodged            |   114 |   101 ||   215
